PA
PHOENIX HOTSPUR U-21 @ SOUTH BEACH BLAZE
06/25/2021
 
TOP OF THE 1ST
Phoenix Hotspur U-21 batting - Pitching for South Beach Blaze : LHP Rubén Rodríguez
Pitching: LHP Rubén Rodríguez
Batting: RHB Ángel Guardado 0-0: Foul Ball, location: 2F
0-1: Ball
1-1: Foul Ball, location: 2F
1-2: Ball
2-2: Strikes out swinging
Batting: RHB Marc Meertens 0-0: Ball
1-0: Ball
2-0: Called Strike
2-1: SINGLE (Line Drive, 4D)
Batting: SHB Pedro Gómez 0-0: Ball
1-0: Ball
2-0: Ball
3-0: Called Strike
3-1: Called Strike
3-2: Foul Ball, location: 2F
3-2: Strikes out looking
Batting: LHB Ricardo Peńa 0-0: Called Strike
0-1: Ball
1-1: Foul Ball, location: 2F
1-2: SINGLE (Groundball, 4MD)
Marc Meertens to second
Batting: RHB Jesús Mejía 0-0: Called Strike
0-1: Ball
1-1: Foul Ball, location: 2F
1-2: Strikes out looking
Top of the 1st over - 0 run(s), 2 hit(s), 0 error(s), 2 left on base; Phoenix 0 - South Beach 0
BOTTOM OF THE 1ST
South Beach Blaze batting - Pitching for Phoenix Hotspur U-21 : RHP Howard Allen
Pitching: RHP Howard Allen
Batting: RHB Shawn McCormack 0-0: Called Strike
0-1: Fly out, F9 (Flyball, 9M)
Batting: RHB Alan Rosales 0-0: Foul Ball, location: 2F
0-1: Fly out, F9 (Flyball, 89M)
Batting: LHB Tomás Mejía 0-0: Fly out, F8 (Flyball, 8RM)
Bottom of the 1st over - 0 run(s), 0 hit(s), 0 error(s), 0 left on base; Phoenix 0 - South Beach 0
TOP OF THE 2ND
Phoenix Hotspur U-21 batting - Pitching for South Beach Blaze : LHP Rubén Rodríguez
Batting: RHB Pedro Martínez 0-0: Ball
1-0: Ball
2-0: Called Strike
2-1: SINGLE (Line Drive, 78S)
Batting: LHB Tim Waters 0-0: Ball
1-0: Ball
2-0: Ball
3-0: Called Strike
3-1: Foul Ball, location: 2F
3-2: Fly out, F8 (Flyball, 8RM)
Batting: RHB Jesús Álvarez 0-0: Called Strike
0-1: Ball
1-1: Grounds into double play, 6-4-3 (Groundball, 56)
Top of the 2nd over - 0 run(s), 1 hit(s), 0 error(s), 0 left on base; Phoenix 0 - South Beach 0
BOTTOM OF THE 2ND
South Beach Blaze batting - Pitching for Phoenix Hotspur U-21 : RHP Howard Allen
Batting: LHB Gregg Young 0-0: Ball
1-0: Foul Ball, location: 2F
1-1: Foul Ball, location: 2F
1-2: Foul Ball, location: 2F
1-2: Foul Ball, location: 2F
1-2: Foul Ball, location: 2F
1-2: Strikes out looking
Batting: RHB Gabriel Maldonado 0-0: Ball
1-0: DOUBLE (Line Drive, 7LS)
Batting: RHB Marcos Reyes 0-0: Ball
1-0: Called Strike
1-1: Ball
2-1: SINGLE (Line Drive, 6MD)
Gabriel Maldonado to third
Batting: SHB León Estrada 0-0: Ball
1-0: Ball
2-0: Called Strike
2-1: Ball
3-1: Base on Balls
Marcos Reyes to second
Batting: RHB Ted Cook 0-0: Ball
1-0: Ball
2-0: Called Strike
2-1: Ball
3-1: Grounds into double play, 6-4-3 (Groundball, 6M)
Bottom of the 2nd over - 0 run(s), 2 hit(s), 0 error(s), 2 left on base; Phoenix 0 - South Beach 0
TOP OF THE 3RD
Phoenix Hotspur U-21 batting - Pitching for South Beach Blaze : LHP Rubén Rodríguez
Batting: LHB Shojiro Ueda 0-0: Called Strike
0-1: Called Strike
0-2: Strikes out swinging passed ball, reaches first!
Batting: RHB Ángel Guardado 0-0: Foul Ball, location: 2F
0-1: Ball
1-1: Ball
2-1: Ball
3-1: Foul Ball, location: 2F
3-2: Foul Ball, location: 2F
3-2: Strikes out swinging
Batting: RHB Marc Meertens 0-0: Ball
1-0: Fly out, F4 (Popup, 34D)
Batting: SHB Pedro Gómez 0-0: Ball
1-0: Swinging Strike
1-1: Called Strike
1-2: Foul Ball, location: 2F
1-2: Ball
2-2: Strikes out swinging
Top of the 3rd over - 0 run(s), 0 hit(s), 0 error(s), 1 left on base; Phoenix 0 - South Beach 0
BOTTOM OF THE 3RD
South Beach Blaze batting - Pitching for Phoenix Hotspur U-21 : RHP Howard Allen
Batting: LHB Chad Graves 0-0: Ball
1-0: Ball
2-0: Ball
3-0: Called Strike
3-1: Foul Ball, location: 2F
3-2: Fly out, F8 (Line Drive, 8RM)
Batting: RHB Shawn McCormack 0-0: Ball
1-0: Ball
2-0: Called Strike
2-1: Fly out, F2 (Popup, 2RF)
Batting: RHB Alan Rosales 0-0: Ball
1-0: Ball
2-0: Called Strike
2-1: Foul Ball, location: 2F
2-2: Strikes out swinging
Bottom of the 3rd over - 0 run(s), 0 hit(s), 0 error(s), 0 left on base; Phoenix 0 - South Beach 0
TOP OF THE 4TH
Phoenix Hotspur U-21 batting - Pitching for South Beach Blaze : LHP Rubén Rodríguez
Batting: LHB Ricardo Peńa 0-0: Ball
1-0: Ball
2-0: Called Strike
2-1: Foul Ball, location: 2F
2-2: Strikes out swinging
Batting: RHB Jesús Mejía 0-0: Swinging Strike
0-1: Fly out, F2 (Popup, 2LF)
Batting: RHB Pedro Martínez 0-0: Called Strike
0-1: Ball
1-1: DOUBLE (Flyball, 8LD)
Batting: LHB Tim Waters 0-0: Ball
1-0: Called Strike
1-1: Swinging Strike
1-2: Ball
2-2: Ground out 5-3 (Groundball, 5S)
Top of the 4th over - 0 run(s), 1 hit(s), 0 error(s), 1 left on base; Phoenix 0 - South Beach 0
BOTTOM OF THE 4TH
South Beach Blaze batting - Pitching for Phoenix Hotspur U-21 : RHP Howard Allen
Batting: LHB Tomás Mejía 0-0: Called Strike
0-1: Ball
1-1: Foul Ball, location: 2F
1-2: Ball
2-2: Foul Ball, location: 2F
2-2: Ground out 4-3 (Groundball, 4M)
Batting: LHB Gregg Young 0-0: Called Strike
0-1: Fly out, F8 (Flyball, 8RM)
Batting: RHB Gabriel Maldonado 0-0: Ball
1-0: Ball
2-0: Ground out 5-3 (Groundball, 5)
Bottom of the 4th over - 0 run(s), 0 hit(s), 0 error(s), 0 left on base; Phoenix 0 - South Beach 0
TOP OF THE 5TH
Phoenix Hotspur U-21 batting - Pitching for South Beach Blaze : LHP Rubén Rodríguez
Batting: RHB Jesús Álvarez 0-0: Called Strike
0-1: Swinging Strike
0-2: Strikes out swinging
Batting: LHB Shojiro Ueda 0-0: Ball
1-0: Ball
2-0: Ball
3-0: Base on Balls
Batting: RHB Ángel Guardado 0-0: Called Strike
0-1: DOUBLE (Line Drive, 78M)
Shojiro Ueda to third
Batting: RHB Marc Meertens 0-0: Ball
1-0: Fly out, F9 (Flyball, 8RS)
Runner from 3rd tags up, SCORES, no throw
Batting: SHB Pedro Gómez 0-0: Ball
1-0: Called Strike
1-1: Ground out 5-3 (Groundball, 56S)
Top of the 5th over - 1 run(s), 1 hit(s), 0 error(s), 1 left on base; Phoenix 1 - South Beach 0
BOTTOM OF THE 5TH
South Beach Blaze batting - Pitching for Phoenix Hotspur U-21 : RHP Howard Allen
Batting: RHB Marcos Reyes 0-0: Swinging Strike
0-1: Ball
1-1: Called Strike
1-2: Ball
2-2: Ball
3-2: Foul Ball, location: 2F
3-2: Reached on Error, E7 (Flyball, 78M)
Batting: SHB León Estrada 0-0: Sac Bunt - play at first, batter OUT! 1-3
Marcos Reyes to second
Batting: RHB Ted Cook 0-0: Ball
1-0: Called Strike
1-1: Foul Ball, location: 2F
1-2: Ball
2-2: Ball
3-2: Foul Ball, location: 2F
3-2: Strikes out swinging
Batting: LHB Chad Graves 0-0: Ball
1-0: Called Strike
1-1: Ball
Wild Pitch!
Marcos Reyes to third
2-1: Ground out 6-3 (Groundball, 6S)
Bottom of the 5th over - 0 run(s), 0 hit(s), 1 error(s), 1 left on base; Phoenix 1 - South Beach 0
TOP OF THE 6TH
Phoenix Hotspur U-21 batting - Pitching for South Beach Blaze : LHP Rubén Rodríguez
Batting: LHB Ricardo Peńa 0-0: Called Strike
0-1: Swinging Strike
0-2: Ball
1-2: Ball
2-2: Fly out, F8 (Flyball, 8LS)
Batting: RHB Jesús Mejía 0-0: Foul Ball, location: 2F
0-1: Ball
1-1: Ball
2-1: Hit by Pitch
Batting: RHB Pedro Martínez 0-0: Called Strike
0-1: SINGLE (Groundball, 34D)
Jesús Mejía to second
Runner from 2nd tries for 3rd, SAFE, throw made to third
Batting: LHB Tim Waters 0-0: Called Strike
0-1: Ball
1-1: Ball
2-1: Ball
3-1: Base on Balls
Pedro Martínez to second
Batting: RHB Jesús Álvarez 0-0: Swinging Strike
0-1: Ball
1-1: Fielders Choice at 2nd, 6-4 (Groundball, 6M)
Jesús Mejía scores
Pedro Martínez to third
Batting: LHB Shojiro Ueda 0-0: Called Strike
0-1: Ball
1-1: Ball
2-1: Called Strike
2-2: SINGLE (Groundball, 6MD)
Pedro Martínez scores
Jesús Álvarez to second
Runner from 2nd tries for 3rd, SAFE, no throw or cutoff
Batting: RHB Ángel Guardado 0-0: Ball
1-0: Ball
2-0: Called Strike
2-1: Ball
3-1: Base on Balls
Shojiro Ueda to second
Batting: RHB Marc Meertens 0-0: Ball
1-0: Ball
2-0: Called Strike
2-1: Foul Ball, location: 2F
2-2: Ball
3-2: Base on Balls
Jesús Álvarez scores
Shojiro Ueda to third
Ángel Guardado to second
Batting: SHB Pedro Gómez 0-0: Foul Ball, location: 2F
0-1: Ball
1-1: Ball
2-1: Ball
3-1: Foul Ball, location: 2F
3-2: Strikes out swinging
Top of the 6th over - 3 run(s), 2 hit(s), 0 error(s), 3 left on base; Phoenix 4 - South Beach 0
BOTTOM OF THE 6TH
South Beach Blaze batting - Pitching for Phoenix Hotspur U-21 : RHP Howard Allen
Batting: RHB Shawn McCormack 0-0: Foul Ball, location: 2F
0-1: Bunt for hit - play at first, batter OUT! 1-3
Batting: RHB Alan Rosales 0-0: Ball
1-0: Ball
2-0: Foul Ball, location: 2F
2-1: Foul Ball, location: 2F
2-2: Foul Ball, location: 2F
2-2: Ball
3-2: Fly out, F9 (Flyball, 9LM)
Batting: LHB Tomás Mejía 0-0: Ground out U3 (Groundball, 3)
Bottom of the 6th over - 0 run(s), 0 hit(s), 0 error(s), 0 left on base; Phoenix 4 - South Beach 0
TOP OF THE 7TH
Phoenix Hotspur U-21 batting - Pitching for South Beach Blaze : LHP Rubén Rodríguez
Batting: LHB Ricardo Peńa 0-0: Foul Ball, location: 2F
0-1: Fly out, F8 (Flyball, 8LM)
Batting: RHB Jesús Mejía 0-0: Called Strike
0-1: Called Strike
0-2: Ball
1-2: Fly out, F7 (Flyball, 78S)
Batting: RHB Pedro Martínez 0-0: Called Strike
0-1: Ball
1-1: Ground out 6-3 (Groundball, 6M)
Top of the 7th over - 0 run(s), 0 hit(s), 0 error(s), 0 left on base; Phoenix 4 - South Beach 0
BOTTOM OF THE 7TH
South Beach Blaze batting - Pitching for Phoenix Hotspur U-21 : RHP Howard Allen
Batting: LHB Gregg Young 0-0: SINGLE (Line Drive, 8RS)
Batting: RHB Gabriel Maldonado 0-0: Ball
1-0: Ball
2-0: Ball
3-0: Called Strike
3-1: Grounds into double play, 5-4-3 (Groundball, 5L)
Batting: RHB Marcos Reyes 0-0: Ground out 6-3 (Groundball, 6M)
Bottom of the 7th over - 0 run(s), 1 hit(s), 0 error(s), 0 left on base; Phoenix 4 - South Beach 0
TOP OF THE 8TH
Phoenix Hotspur U-21 batting - Pitching for South Beach Blaze : LHP Rubén Rodríguez
Pitching: LHP Justin Cooper
Batting: LHB Tim Waters 0-0: Called Strike
0-1: SOLO HOME RUN (Flyball, 78XD), Distance : 448 ft
Batting: RHB Jesús Álvarez 0-0: Foul Ball, location: 2F
0-1: Swinging Strike
0-2: Foul Ball, location: 2F
0-2: Foul Ball, location: 2F
0-2: Strikes out looking
Batting: LHB Shojiro Ueda 0-0: Ground out 1-3 (Groundball, 13S)
Batting: RHB Ángel Guardado 0-0: Ball
1-0: Ball
2-0: Ball
3-0: Called Strike
3-1: Base on Balls
Batting: RHB Marc Meertens 0-0: Called Strike
0-1: Ball
1-1: Ball
2-1: Swinging Strike
2-2: Ball
3-2: Fly out, F8 (Line Drive, 8RM)
Top of the 8th over - 1 run(s), 1 hit(s), 0 error(s), 1 left on base; Phoenix 5 - South Beach 0
BOTTOM OF THE 8TH
South Beach Blaze batting - Pitching for Phoenix Hotspur U-21 : RHP Howard Allen
Batting: SHB León Estrada 0-0: Ball
1-0: Ball
2-0: Called Strike
2-1: Foul Ball, location: 2F
2-2: Strikes out swinging
Batting: RHB Ted Cook 0-0: Fly out, F9 (Flyball, 9LM)
Batting: LHB Chad Graves 0-0: Called Strike
0-1: Called Strike
0-2: Ball
1-2: Fly out, F8 (Flyball, 8RM)
Bottom of the 8th over - 0 run(s), 0 hit(s), 0 error(s), 0 left on base; Phoenix 5 - South Beach 0
TOP OF THE 9TH
Phoenix Hotspur U-21 batting - Pitching for South Beach Blaze : LHP Justin Cooper
Batting: SHB Pedro Gómez 0-0: Foul Ball, location: 2F
0-1: Swinging Strike
0-2: Ball
1-2: Ball
2-2: Strikes out looking
Batting: LHB Ricardo Peńa 0-0: Ball
1-0: Ball
2-0: Ball
3-0: Called Strike
3-1: Called Strike
3-2: SINGLE (Line Drive, 89S)
Batting: RHB Jesús Mejía 0-0: Ball
Ricardo Peńa steals 2nd base
1-0: Foul Ball, location: 2F
1-1: Foul Ball, location: 2F
1-2: Ball
2-2: Ball
3-2: SINGLE (Line Drive, 4MD)
Ricardo Peńa to third
Batting: RHB Pedro Martínez 0-0: Called Strike
0-1: Foul Ball, location: 2F
0-2: Ball
1-2: Ball
2-2: SINGLE (Groundball, 15S) (infield hit)
Jesús Mejía to second
Batting: LHB Tim Waters 0-0: Called Strike
0-1: Called Strike
0-2: Ball
1-2: Strikes out swinging
Batting: RHB Jesús Álvarez 0-0: Ball
1-0: Called Strike
1-1: Fly out, F9 (Flyball, 9D)
Top of the 9th over - 0 run(s), 3 hit(s), 0 error(s), 3 left on base; Phoenix 5 - South Beach 0
BOTTOM OF THE 9TH
South Beach Blaze batting - Pitching for Phoenix Hotspur U-21 : RHP Howard Allen
Now at C: José Sánchez
Batting: RHB Shawn McCormack 0-0: Called Strike
0-1: Foul Ball, location: 2F
0-2: Ball
1-2: Strikes out swinging
Batting: RHB Alan Rosales 0-0: Foul Ball, location: 2F
0-1: Foul Ball, location: 2F
0-2: Ball
1-2: Strikes out swinging
Batting: LHB Tomás Mejía 0-0: Called Strike
0-1: Swinging Strike
0-2: Ball
1-2: Foul Ball, location: 2F
1-2: Strikes out swinging
Bottom of the 9th over - 0 run(s), 0 hit(s), 0 error(s), 0 left on base; Phoenix 5 - South Beach 0
This league is powered by Out of the Park Baseball, the baseball management simulation game for PC, Mac and Linux
Friday, January 22nd, 2016 - OOTP Baseball 16.9 Build 39